AoeStats
← DesertFox

Arabia

510421663Analyzed
1v1 RM · 3d ago on Sep 30, 2026· 35m 8s· 2 players
Game mode
Random Map
Map size
Tiny (2 player)
Population
200
Speed
Normal
Resources
Standard
Victory
Conquest
Starting age
Dark Age
Ending age
Imperial Age
RankedLock teamsTeams togetherTeam positionsShared explorationLock speedFull tech treeHidden civsTurbo modeCheats
Victory
Defeat
🇺🇸 Malians · United States
1049
+15
🇦🇷 Gurjaras · Argentina
1027
-15
Adriaan-M
6:21 Loom
9:31 Feudal Age
10:40 Double-Bit Axe
17:34 Castle Age
19:53 Forging
24:22 Bow Saw
25:34 Fletching
27:21 Bloodlines
27:03 Horse Collar
28:40 Padded Archer Armor
30:25 Wheelbarrow
30:18 Elite Skirmisher
31:44 Crossbowman
32:35 Town Watch
33:10 Leather Archer Armor
32:48 Crossbowman
33:41 Thumb Ring
DesertFox
7:16 Loom
9:59 Feudal Age
11:26 Horse Collar
12:45 Man-at-Arms
15:36 Arson
16:25 Forging
16:30 Double-Bit Axe
24:14 Castle Age
24:53 Scale Mail Armor
25:06 Fletching
24:57 Long Swordsman
25:39 Squires
25:56 Chain Mail Armor
26:16 Iron Casting
26:39 Heavy Plow
26:50 Bow Saw
26:33 Gold Mining
26:17 Pikeman
29:41 Stone Mining
33:06 Wheelbarrow
33:01 Bloodlines
Connection lost

Rejoining the realm…

Still unreachable

The connection could not be restored.

Session expired

The server has moved on; the page needs a fresh start.